[Event "Titled Tuesday Blitz July 6 2021"]
[White "Mons, Leon"]
[Black "Yaniuk, Volodymyr"]
[WhiteFideId "4614950"]
[BlackFideId "14133083"]
[WhiteElo "2492"]
[BlackElo "2207"]
[Result "0-1"]
[Round "02"]
[TimeControl "180+1"]
[Date "2021.07.06"]
[WhiteClock "0:00:15"]
[BlackClock "0:00:18"]

1. Nf3 d5 2. e3 Bg4 3. c4 c6 4. Qb3 Qb6 5. Ne5 Be6 6. d4 f6 7. Nf3 Bf7 8. Nc3 e6 9. Bd3 Nd7 10. O-O a6 11. e4 Qxb3 12. axb3 Bb4 13. Ra4 Bxc3 14. bxc3 Ne7 15. Bf4 O-O 16. Bd6 Rfe8 17. Re1 Nc8 18. Bg3 Ncb6 19. Ra5 dxc4 20. bxc4 e5 21. c5 Nc4 22. Raa1 b5 23. cxb6 Ndxb6 24. dxe5 fxe5 25. Ng5 Bg6 26. f3 h6 27. Nh3 a5 28. Bf2 Red8 29. Bf1 Bf7 30. Reb1 Rdb8 31. Bc5 Nd7 32. Rxb8+ Rxb8 33. Bxc4 Bxc4 34. Rxa5 Rb1+ 35. Kf2 Rb2+ 36. Kg3 Nf6 37. Nf2 Nh5+ 38. Kh4 Nf4 39. g3 g5+ 40. Kg4 Be6# 0-1


[Site "https://www.chess.com"]

[Event "Titled Tuesday Blitz July 6 2021"]
[White "Naroditsky, Daniel"]
[Black "Grebeniuk, Semen"]
[WhiteFideId "2026961"]
[BlackFideId "14117509"]
[WhiteElo "2608"]
[BlackElo "2232"]
[Result "1-0"]
[Round "02"]
[TimeControl "180+1"]
[Date "2021.07.06"]
[WhiteClock "0:00:34"]
[BlackClock "0:00:02"]

1. e4 d5 2. Nc3 dxe4 3. Nxe4 Qd5 4. Nc3 Qa5 5. Nf3 Nf6 6. g3 c6 7. Bg2 Bg4 8. h3 Bxf3 9. Bxf3 Nbd7 10. O-O e6 11. d3 Bd6 12. a3 O-O 13. Rb1 Qc7 14. Bg2 a5 15. b4 axb4 16. axb4 Rfd8 17. b5 c5 18. b6 Nxb6 19. Nb5 Qe7 20. Nxd6 Rxd6 21. Bf4 e5 22. Re1 Re6 23. Rxe5 Rxe5 24. Bxe5 Qxe5 25. Rxb6 h5 26. Rxb7 Ra1 27. Rb1 Rxb1 28. Qxb1 h4 29. g4 Qc3 30. g5 Nd7 31. Qd1 Ne5 32. Qe2 g6 33. f4 Nd7 34. Qf2 Nf8 35. Bd5 Kg7 36. f5 gxf5 37. Qxf5 Qd4+ 38. Kg2 Ne6 39. Bxe6 fxe6 40. Qxe6 Qc3 41. Qf6+ Qxf6 42. gxf6+ Kxf6 43. Kf3 Kf5 44. c3 Ke5 45. Kg4 Kf6 46. Kxh4 Ke5 47. Kg5 c4 48. dxc4 1-0


[Site "https://www.chess.com"]

[Event "Titled Tuesday Blitz July 6 2021"]
[White "Nguyen, Quoc Hy"]
[Black "Coto Mederos, Michel"]
[WhiteFideId "12410853"]
[BlackFideId "3508528"]
[WhiteElo "1975"]
[BlackElo "2427"]
[Result "1-0"]
[Round "02"]
[TimeControl "180+1"]
[Date "2021.07.06"]
[WhiteClock "0:00:18"]
[BlackClock "0:00:01"]

1. d4 d5 2. c4 e6 3. Nc3 Nf6 4. cxd5 exd5 5. Bg5 Be7 6. e3 c6 7. Bd3 Ne4 8. Bxe7 Qxe7 9. Qc2 Nxc3 10. bxc3 h6 11. Nf3 O-O 12. O-O Be6 13. Rfb1 b6 14. Ne5 c5 15. e4 cxd4 16. cxd4 Nd7 17. Nc6 Qh4 18. g3 Qh5 19. Be2 Qh3 20. exd5 Bg4 21. f3 Nf6 22. fxg4 Nxd5 23. Bf3 Nf6 24. Qg2 Qxg2+ 25. Kxg2 Rfe8 26. Ne7+ Rxe7 27. Bxa8 Nxg4 28. Re1 Rd7 29. Bf3 Nf6 30. Rad1 g6 31. d5 Rd6 32. Re2 g5 33. g4 h5 34. h3 hxg4 35. hxg4 Kg7 36. Rc2 Ng8 37. Rc6 Rd7 38. d6 1-0


[Site "https://www.chess.com"]

[Event "Titled Tuesday Blitz July 6 2021"]
[White "Nouri, Alekhine"]
[Black "Andreikin, Dmitry"]
[WhiteFideId "5216184"]
[BlackFideId "4158814"]
[WhiteElo "1894"]
[BlackElo "2782"]
[Result "0-1"]
[Round "02"]
[TimeControl "180+1"]
[Date "2021.07.06"]
[WhiteClock "0:00:17"]
[BlackClock "0:00:09"]

1. e4 c5 2. Nc3 Nc6 3. Bb5 Nd4 4. Nf3 e6 5. Nxd4 cxd4 6. Ne2 Qg5 7. Bc4 Qxg2 8. Rg1 Qxe4 9. d3 Qf3 10. Rg3 Qh1+ 11. Rg1 Qf3 12. Rg3 Qc6 13. Nxd4 Qh1+ 14. Kd2 Qxd1+ 15. Kxd1 d5 16. Bb3 Bd7 17. a4 a6 18. f4 g6 19. f5 gxf5 20. Bf4 Nf6 21. Be5 Be7 22. Kd2 O-O-O 23. c4 Bc6 24. Nxc6 bxc6 25. cxd5 cxd5 26. Rc1+ Kd7 27. a5 Ke8 28. Ba4+ Kf8 29. Bf4 h5 30. Rc7 Bb4+ 31. Ke2 Bxa5 32. Ra7 Bb6 33. Rxa6 Bd4 34. Bd6+ Rxd6 35. Rxd6 Ke7 36. Rc6 Be5 37. Rg1 Rb8 38. b3 Bxh2 39. Rg7 Be5 40. Ra6 Kf8 41. Rg1 h4 42. Rh1 Bg3 43. Kf3 Rb4 44. Ra8+ Kg7 45. Rc8 Rf4+ 46. Kg2 Ng4 47. Rcc1 Kf6 48. Rb1 Rf2+ 49. Kh3 Rd2 50. b4 Nf2+ 51. Kg2 Nxd3+ 52. Kf3 d4 53. b5 Ne5# 0-1


[Site "https://www.chess.com"]

[Event "Titled Tuesday Blitz July 6 2021"]
[White "Oliveira, Silvio Eduardo"]
[Black "Manukian, Artak"]
[WhiteFideId "2111560"]
[BlackFideId "13301373"]
[WhiteElo "2302"]
[BlackElo "2397"]
[Result "1-0"]
[Round "02"]
[TimeControl "180+1"]
[Date "2021.07.06"]
[WhiteClock "0:01:17"]
[BlackClock "0:01:39"]

1. e4 c6 2. d4 d5 3. exd5 cxd5 4. Bd3 Nc6 5. c3 e5 6. dxe5 Nxe5 7. Bb5+ Nc6 8. Qe2+ Qe7 9. Be3 Nf6 10. h3 Bf5 11. Nd2 O-O-O 12. Bxc6 bxc6 13. Qa6+ Qb7 14. Qxa7 Qxb2 15. Rd1 Bc2 16. Bb6 Re8+ 17. Ne2 Bd6 18. Qa8+ Kd7 19. Qb7+ Ke6 20. Nd4+ Ke5 21. O-O Bxd1 22. f4# 1-0


[Site "https://www.chess.com"]

[Event "Titled Tuesday Blitz July 6 2021"]
[White "Orozbaev, Eldiar"]
[Black "Gabrielian, Artur"]
[WhiteFideId "13802240"]
[BlackFideId "4131002"]
[WhiteElo "1911"]
[BlackElo "2523"]
[Result "1-0"]
[Round "02"]
[TimeControl "180+1"]
[Date "2021.07.06"]
[WhiteClock "0:01:17"]
[BlackClock "0:00:41"]

1. e4 e5 2. Nf3 Nc6 3. Bc4 Nf6 4. d3 Be7 5. O-O O-O 6. Nc3 d6 7. h3 h6 8. Re1 Kh8 9. Qe2 Na5 10. Bb3 Nxb3 11. axb3 c5 12. Kh2 b6 13. g4 Ng8 14. Rg1 Bb7 15. g5 g6 16. gxh6 Kh7 17. Bg5 f6 18. Bd2 Qe8 19. Nh4 g5 20. Nf5 Bc8 21. Nd5 Bxf5 22. exf5 Qf7 23. Qe4 Kh8 24. Nc7 Rac8 25. Rxa7 Bd8 26. Nb5 Qh5 27. Nxd6 Rc7 28. Rxc7 Bxc7 29. Qb7 Qe2 30. Qxc7 Nxh6 31. Be3 Qxc2 32. Qe7 Kg8 33. Bxg5 1-0


[Site "https://www.chess.com"]

[Event "Titled Tuesday Blitz July 6 2021"]
[White "Pereira, Juliano Resende M"]
[Black "Leiva, Gianmarco"]
[WhiteFideId "2109816"]
[BlackFideId "3804399"]
[WhiteElo "2416"]
[BlackElo "2365"]
[Result "1-0"]
[Round "02"]
[TimeControl "180+1"]
[Date "2021.07.06"]
[WhiteClock "0:00:25"]
[BlackClock "0:00:01"]

1. c4 Nf6 2. g3 e6 3. Bg2 d5 4. b3 Be7 5. Bb2 O-O 6. Nf3 c5 7. cxd5 Nxd5 8. Nc3 Nc6 9. Nxd5 exd5 10. O-O Bg4 11. h3 Bh5 12. d3 Bf6 13. Qd2 Re8 14. Rac1 b6 15. Rfe1 Rc8 16. a3 Qd6 17. e3 a5 18. Nh2 Rcd8 19. Qc2 h6 20. Bxf6 Qxf6 21. d4 a4 22. dxc5 Bg6 23. Qc3 d4 24. exd4 Nxd4 25. Ng4 Ne2+ 26. Rxe2 Qxc3 27. Rxe8+ Rxe8 28. Rxc3 Re1+ 29. Kh2 bxc5 30. bxa4 1-0


[Site "https://www.chess.com"]

[Event "Titled Tuesday Blitz July 6 2021"]
[White "Petukhov, Dmitry"]
[Black "Tanenbaum, Zachary"]
[WhiteFideId "4142748"]
[BlackFideId "2060850"]
[WhiteElo "2356"]
[BlackElo "2165"]
[Result "0-1"]
[Round "02"]
[TimeControl "180+1"]
[Date "2021.07.06"]
[WhiteClock "0:00:26"]
[BlackClock "0:00:07"]

1. e4 e5 2. Nf3 Nc6 3. Bb5 a6 4. Ba4 d6 5. O-O Nf6 6. c4 Bg4 7. Bxc6+ bxc6 8. Nc3 c5 9. h3 Bxf3 10. Qxf3 Be7 11. d3 O-O 12. Bg5 Rb8 13. b3 h6 14. Bxf6 Bxf6 15. Nd5 Bg5 16. g3 Qd7 17. h4 Bd8 18. Ne3 g6 19. Qg4 Qe6 20. h5 Qxg4 21. Nxg4 f5 22. exf5 gxf5 23. Ne3 c6 24. f4 e4 25. dxe4 fxe4 26. Rad1 Be7 27. g4 Kg7 28. Nf5+ Kf7 29. Nxd6+ Bxd6 30. Rxd6 Rbd8 31. Rfd1 Rxd6 32. Rxd6 Ke7 33. Rxh6 Rxf4 34. Rxc6 e3 35. Rxc5 Ke6 36. Rf5 e2 37. Rxf4 e1=Q+ 38. Kg2 Qe2+ 39. Kg3 Qxa2 40. Rf3 Qb1 41. Re3+ Kf6 42. Rf3+ Kg5 43. Rf5+ Kh6 44. Rf6+ Kg7 45. Rf3 Qg1+ 46. Kf4 a5 47. Kg5 Qc1+ 48. Kh4 Qh1+ 49. Kg3 Qg1+ 50. Kf4 Qd4+ 51. Kg3 Qe5+ 52. Kh4 Kh6 53. Kh3 Qe4 54. Kg3 Qe5+ 55. Kh3 Qd4 56. Kg3 Qd6+ 57. Kh3 Qc5 58. Kg3 Qc7+ 59. Kh3 a4 60. bxa4 Qxc4 61. Rf6+ Kg5 62. Rf5+ Kh6 63. Rf6+ Kg7 64. Rf5 Qxa4 65. Kh4 Qd4 66. Kg3 Qe3+ 67. Kh4 Kh6 68. Rf6+ Kg7 69. Rf5 Qe7+ 70. Kg3 Qe1+ 71. Kf3 Kh6 72. Rf6+ Kg5 73. Rf5+ Kh4 74. Rf4 Qf1+ 75. Ke4 Qe2+ 76. Kf5 Qe7 77. h6 Qg5+ 78. Ke4 Qxh6 79. Rf5 Kxg4 80. Re5 Qd6 81. Rd5 Qc6 82. Ke5 Kf3 83. Rd4 Qc5+ 84. Rd5 Qe7+ 85. Kd4 Qb4+ 86. Ke5 Qb7 87. Rd4 Ke3 88. Rd5 Qe7+ 89. Kf5 Qe4+ 0-1


[Site "https://www.chess.com"]

[Event "Titled Tuesday Blitz July 6 2021"]
[White "Priasmoro, Novendra"]
[Black "Nygren, Kim"]
[WhiteFideId "7105029"]
[BlackFideId "1706136"]
[WhiteElo "2309"]
[BlackElo "2257"]
[Result "1-0"]
[Round "02"]
[TimeControl "180+1"]
[Date "2021.07.06"]
[WhiteClock "0:00:54"]
[BlackClock "0:00:09"]

1. e4 c5 2. Nf3 d6 3. d4 cxd4 4. Nxd4 Nf6 5. Nc3 a6 6. Bg5 e6 7. f4 b5 8. Qf3 b4 9. Na4 Bb7 10. Bd3 Be7 11. O-O-O Qa5 12. b3 Nbd7 13. Kb1 Nc5 14. Nb2 d5 15. e5 Nfe4 16. Bxe4 Nxe4 17. Bxe7 Nc3+ 18. Kc1 Kxe7 19. f5 Qxa2 20. f6+ Ke8 21. fxg7 Rg8 22. Rhf1 Rxg7 23. Nxe6 Qb1+ 24. Kd2 Qxb2 25. Nxg7+ Kd8 26. Qxf7 Ne4+ 27. Ke3 Qc3+ 28. Kf4 Kc8 29. Ne6 Kb8 30. Nd8 Bc8 31. Rxd5 Nd2 32. Qf6 Ra7 33. Nc6+ Ka8 34. Nxa7 Nxf1 35. Qc6+ Qxc6 36. Nxc6 Bb7 37. Rd8+ 1-0


[Site "https://www.chess.com"]

[Event "Titled Tuesday Blitz July 6 2021"]
[White "Przybylski, Wojciech"]
[Black "Wagner, Dennis"]
[WhiteFideId "1117599"]
[BlackFideId "24650684"]
[WhiteElo "2317"]
[BlackElo "2355"]
[Result "0-1"]
[Round "02"]
[TimeControl "180+1"]
[Date "2021.07.06"]
[WhiteClock "0:00:02"]
[BlackClock "0:00:30"]

1. d4 Nf6 2. Nd2 d5 3. Ngf3 c5 4. e3 Nc6 5. Be2 Bf5 6. O-O e6 7. dxc5 Bxc5 8. Nb3 Bb6 9. Nbd4 Bg6 10. Bb5 Rc8 11. Ne5 O-O 12. Ndxc6 bxc6 13. Nxg6 hxg6 14. Ba6 Rb8 15. b3 Qd6 16. Bb2 Bc7 17. g3 e5 18. Be2 Rfe8 19. Bf3 e4 20. Be2 Qe6 21. Bd4 a5 22. Kg2 Nd7 23. Qd2 Ne5 24. a4 g5 25. Rab1 f5 26. c4 Nf3 27. Qc3 Re7 28. cxd5 cxd5 29. b4 axb4 30. Rxb4 Rc8 31. Qb2 f4 32. Rb5 Kf7 33. Bc5 Kg6 34. exf4 Qh3+ 35. Kxh3 Rh8+ 0-1


[Site "https://www.chess.com"]

[Event "Titled Tuesday Blitz July 6 2021"]
[White "Quparadze, Giga"]
[Black "Gelman, Alexander"]
[WhiteFideId "13602250"]
[BlackFideId "4118316"]
[WhiteElo "2658"]
[BlackElo "2375"]
[Result "1-0"]
[Round "02"]
[TimeControl "180+1"]
[Date "2021.07.06"]
[WhiteClock "0:01:40"]
[BlackClock "0:00:40"]

1. e4 d5 2. exd5 Qxd5 3. Nc3 Qa5 4. Nf3 Nf6 5. d4 Nc6 6. Bb5 Nd5 7. Bd2 Nxc3 8. Bxc6+ bxc6 9. Bxc3 Qd5 10. h3 Ba6 11. Qd2 e6 12. Qe3 Bd6 13. b3 Ba3 14. Bd2 c5 15. c4 cxd4 16. Qf4 Qd7 17. Ne5 Qe7 18. Qxd4 Bc5 19. Qe4 O-O 20. O-O f6 21. Nd3 Bd6 22. Qc6 Rad8 23. Qxa6 Ba3 24. c5 1-0


[Site "https://www.chess.com"]

[Event "Titled Tuesday Blitz July 6 2021"]
[White "Reprintsev, Alexander"]
[Black "Erdogdu, Mert"]
[WhiteFideId "14100541"]
[BlackFideId "6301495"]
[WhiteElo "2126"]
[BlackElo "2485"]
[Result "1-0"]
[Round "02"]
[TimeControl "180+1"]
[Date "2021.07.06"]
[WhiteClock "0:00:03"]
[BlackClock "0:00:04"]

1. e4 c5 2. b3 d6 3. Bb2 Nc6 4. Bb5 e5 5. Ne2 Nf6 6. Bxc6+ bxc6 7. d3 Be7 8. O-O O-O 9. f4 exf4 10. Nxf4 Ng4 11. Qe1 Bh4 12. g3 Bf6 13. Bc3 Bd4+ 14. Bxd4 cxd4 15. Ng2 a5 16. a4 Bd7 17. Nd2 Qg5 18. Nf3 Qc5 19. Qe2 Rae8 20. h3 Ne5 21. g4 d5 22. Rae1 dxe4 23. Qxe4 Nxf3+ 24. Qxf3 Qxc2 25. Rxe8 Bxe8 26. Nf4 Bd7 27. Qe4 Qxb3 28. Qxd4 Be6 29. Nh5 f6 30. Qd6 Qd5 31. Qe7 Qd4+ 32. Rf2 Bf7 33. Nf4 Qe5 34. Qa7 Rb8 35. Kg2 Bd5+ 36. Nxd5 Qxd5+ 37. Kh2 Qe5+ 38. Kg2 Rb1 39. Qa8+ Kf7 40. Qxc6 Qe1 41. Qc4+ Kf8 42. Qc8+ Kf7 43. Qc4+ Qe6 44. Qxe6+ Kxe6 45. Rf5 Rd1 46. Rxa5 Rxd3 47. Ra7 g5 48. Rxh7 Ra3 49. Ra7 Ke5 50. Ra6 f5 51. Ra5+ Ke4 52. gxf5 Kf4 53. f6 Ra2+ 54. Kf1 Ke3 55. Kg1 Rf2 56. Re5+ Kd4 57. Kxf2 1-0


[Site "https://www.chess.com"]

[Event "Titled Tuesday Blitz July 6 2021"]
[White "Rustemov, Alexander"]
[Black "Tologon tegin, Semetei"]
[WhiteFideId "4119002"]
[BlackFideId "13800574"]
[WhiteElo "2847"]
[BlackElo "2224"]
[Result "1-0"]
[Round "02"]
[TimeControl "180+1"]
[Date "2021.07.06"]
[WhiteClock "0:00:16"]
[BlackClock "0:00:09"]

1. d4 Nf6 2. c4 e6 3. Nf3 b6 4. a3 Bb7 5. Nc3 g6 6. Bf4 Bg7 7. h3 Ne4 8. Nxe4 Bxe4 9. e3 O-O 10. Bd3 Bb7 11. O-O d6 12. e4 Nc6 13. d5 Ne5 14. Nxe5 dxe5 15. Be3 f5 16. f3 exd5 17. cxd5 c6 18. dxc6 Bxc6 19. Qb3+ Kh8 20. Rad1 Qe7 21. Bb5 Rac8 22. Bxc6 Rxc6 23. Qd5 Rfc8 24. Rf2 h5 25. Rfd2 f4 26. Bf2 Rc2 27. h4 Bf6 28. g3 fxg3 29. Bxg3 Kh7 30. Qd7 R2c7 31. Qxe7+ Rxe7 32. Rd7 Re8 33. Kg2 Kg7 34. a4 Kf7 35. b4 Rxd7 36. Rxd7+ Re7 37. Rxe7+ Kxe7 38. b5 Kd6 39. Bf2 Be7 40. Kh3 Ke6 41. Be3 Bd8 42. f4 exf4 43. Bxf4 Be7 44. Bg3 Bb4 45. Bb8 Ba5 46. Kg3 Be1+ 47. Kh3 Ba5 48. Bg3 Kf6 49. Kg2 Ke6 50. Kf3 Kf6 51. Bf4 Ke6 52. Bb8 Be1 53. Bxa7 Bxh4 54. Bxb6 Be1 55. a5 Kd6 56. a6 h4 57. a7 h3 58. a8=Q h2 59. Kg2 1-0


[Site "https://www.chess.com"]

[Event "Titled Tuesday Blitz July 6 2021"]
[White "Sammed_Shete"]
[Black "Nakamura, Hikaru"]
[BlackFideId "2016192"]
[WhiteElo "2584"]
[BlackElo "2900"]
[Result "0-1"]
[Round "02"]
[TimeControl "180+1"]
[Date "2021.07.06"]
[WhiteClock "0:00:02"]
[BlackClock "0:01:41"]

1. e4 d5 2. exd5 Qxd5 3. Nf3 Bg4 4. Be2 Nc6 5. Nc3 Qd7 6. O-O Rd8 7. d3 Nf6 8. Bf4 e6 9. Ne5 Nxe5 10. Bxe5 Bxe2 11. Qxe2 Bd6 12. Bxd6 cxd6 13. d4 d5 14. Nd1 O-O 15. f3 b5 16. Nf2 Qc7 17. a3 Qb6 18. c3 a5 19. Nd3 Ne8 20. Kh1 Nd6 21. b4 a4 22. Nc5 Nc4 23. f4 Rfe8 24. Rf3 f6 25. Rg3 e5 26. Qg4 Re7 27. dxe5 fxe5 28. f5 Qf6 29. Ne6 Rc8 30. Qh3 Nd6 31. Ng5 Qxf5 32. Rg4 Rf8 33. Rg1 e4 34. Qg3 Nc4 35. Nh3 Qe5 36. Nf4 e3 37. Re1 Ref7 38. Ne2 Rf1+ 39. Rxf1 Rxf1+ 40. Ng1 Qxg3 0-1


[Site "https://www.chess.com"]

[Event "Titled Tuesday Blitz July 6 2021"]
[White "Sanchez Alvares, Kelvin Antonio"]
[Black "Sarana, Alexey"]
[WhiteFideId "3906680"]
[BlackFideId "24133795"]
[WhiteElo "2247"]
[BlackElo "2646"]
[Result "0-1"]
[Round "02"]
[TimeControl "180+1"]
[Date "2021.07.06"]
[WhiteClock "0:02:34"]
[BlackClock "0:02:26"]

1. d4 Nf6 2. c4 e6 3. Nf3 d5 4. Nc3 Nbd7 5. Bg5 h6 6. Bxf6 Nxf6 7. Qc2 c5 8. e3 cxd4 9. Nxd4 Bc5 10. Rd1 O-O 11. cxd5 Nxd5 0-1


[Site "https://www.chess.com"]

[Event "Titled Tuesday Blitz July 6 2021"]
[White "Sardana, Rishi"]
[Black "Janaszak, Dawid"]
[WhiteFideId "25004301"]
[BlackFideId "1119206"]
[WhiteElo "2340"]
[BlackElo "2332"]
[Result "1-0"]
[Round "02"]
[TimeControl "180+1"]
[Date "2021.07.06"]
[WhiteClock "0:00:16"]
[BlackClock "0:00:10"]

1. e4 c6 2. d4 d5 3. e5 Bf5 4. Nd2 e6 5. Nb3 c5 6. dxc5 Bxc5 7. Nxc5 Qa5+ 8. c3 Qxc5 9. Nf3 Ne7 10. Nd4 Bg6 11. Be3 Qc7 12. f4 O-O 13. Be2 Nbc6 14. O-O Nxd4 15. Bxd4 Nc6 16. Bc5 Rfd8 17. b4 Rdc8 18. a4 Qd8 19. Qd2 Na5 20. Qb2 Nc4 21. Qa2 b6 22. Bd4 Be4 23. a5 b5 24. a6 h6 25. Rfd1 Qh4 26. g3 Qd8 27. Bf1 Rab8 28. Bxa7 Ra8 29. Bd4 Rc6 30. a7 h5 31. Qf2 g6 32. Ra2 Kh7 33. Rda1 Qd7 34. Ra6 Rcc8 35. h3 Kg7 36. Qe1 Rh8 37. R1a2 Qe8 38. Qf2 Qd7 39. Bc5 Qe8 40. Qd4 Qd7 41. Kh2 Qd8 42. Kg1 Qd7 43. Be2 Qe8 44. Kf2 Qd7 45. Ke1 Qe8 46. Kd1 h4 47. g4 Qd7 48. Kc1 Qe8 49. Ra1 Qd7 50. Bd3 Qe8 51. Bxe4 dxe4 52. Qxe4 Qd7 53. Bd4 Qe8 54. f5 exf5 55. e6+ f6 56. gxf5 g5 57. Qg4 Kh6 58. Bxf6 Rg8 59. Bd4 Qc6 60. Rxc6 1-0


[Site "https://www.chess.com"]

[Event "Titled Tuesday Blitz July 6 2021"]
[White "Sargissyan, Sargis"]
[Black "Balaji, Aaravamudhan"]
[WhiteFideId "13303210"]
[BlackFideId "436224"]
[WhiteElo "2174"]
[BlackElo "2085"]
[Result "0-1"]
[Round "02"]
[TimeControl "180+1"]
[Date "2021.07.06"]
[WhiteClock "0:00:04"]
[BlackClock "0:00:17"]

1. c4 c6 2. b3 d5 3. Bb2 Nf6 4. Nf3 e6 5. g3 Bd6 6. Bg2 O-O 7. O-O Nbd7 8. d3 b6 9. Nbd2 Bb7 10. e4 dxe4 11. dxe4 Qc7 12. Re1 Ng4 13. h3 Nge5 14. Qe2 Rad8 15. Rad1 a5 16. Nh2 Nc5 17. Ndf3 Ba6 18. Nd4 Ng6 19. f4 Rfe8 20. e5 Bf8 21. Nxc6 Rxd1 22. Rxd1 Bb7 23. Nd4 Rd8 24. Bxb7 Nxb7 25. Nb5 Bc5+ 26. Bd4 Bxd4+ 27. Rxd4 Qc5 28. Qf2 Qc6 29. Rxd8+ Nxd8 30. Nd6 Nb7 31. Qg2 Qc5+ 32. Qf2 Nxd6 33. Qxc5 bxc5 34. exd6 Kf8 35. Nf3 Ke8 36. Ne5 Nxe5 37. fxe5 Kd7 38. Kf2 f6 39. Kf3 fxe5 40. Ke4 Kxd6 41. a3 h5 42. h4 g6 43. Kf3 Ke7 44. Ke3 Kf7 45. Ke4 Kf6 46. Ke3 Kf5 47. b4 cxb4 48. axb4 axb4 49. c5 Kf6 50. c6 Ke7 0-1


[Site "https://www.chess.com"]

[Event "Titled Tuesday Blitz July 6 2021"]
[White "Senthil Maran K"]
[Black "Khusnutdinov, Rustam"]
[WhiteFideId "25035681"]
[BlackFideId "13701703"]
[WhiteElo "2194"]
[BlackElo "2571"]
[Result "0-1"]
[Round "02"]
[TimeControl "180+1"]
[Date "2021.07.06"]
[WhiteClock "0:00:01"]
[BlackClock "0:01:21"]

1. d4 d5 2. Nf3 e6 3. g3 b5 4. Bg2 Bb7 5. O-O Nd7 6. a4 b4 7. c4 bxc3 8. Nxc3 Ngf6 9. Bf4 Bd6 10. Bxd6 cxd6 11. Qb3 Qb8 12. Qa3 O-O 13. Nb5 Ne4 14. Rfc1 a6 15. Nc3 Rc8 16. Nxe4 dxe4 17. Nd2 d5 18. e3 a5 19. Rc3 Ba6 20. Rac1 Rxc3 21. Qxc3 Qb6 22. Nb3 Rc8 23. Qxc8+ Bxc8 24. Rxc8+ Nf8 25. Nc5 Qd6 26. Bf1 g5 27. Ra8 Qc7 28. Bb5 Kg7 29. Kg2 e5 30. Nb3 Qc2 31. Nc5 exd4 32. exd4 e3 33. Nd3 e2 34. Re8 Ne6 35. h4 Qxd3 36. Bxd3 e1=Q 37. hxg5 Qd2 38. Bf5 Nxd4 39. Bg4 Qxg5 40. Bd1 Qd2 41. Bg4 Qxb2 0-1


[Site "https://www.chess.com"]

[Event "Titled Tuesday Blitz July 6 2021"]
[White "Shevelev, Dmitry"]
[Black "Lodici, Lorenzo"]
[WhiteFideId "24233463"]
[BlackFideId "884189"]
[WhiteElo "2467"]
[BlackElo "2265"]
[Result "0-1"]
[Round "02"]
[TimeControl "180+1"]
[Date "2021.07.06"]
[WhiteClock "0:00:08"]
[BlackClock "0:01:03"]

1. d4 Nf6 2. Nf3 b6 3. Nc3 Bb7 4. Bg5 Ne4 5. Nxe4 Bxe4 6. e3 c5 7. Bd3 Bxd3 8. Qxd3 Nc6 9. O-O-O Qc7 10. Kb1 e6 11. e4 cxd4 12. Nxd4 Nxd4 13. Qxd4 f6 14. Bf4 Qc6 15. e5 f5 16. Rhg1 Rc8 17. Rd2 Be7 18. g4 g5 19. gxf5 gxf4 20. f6 Bc5 21. Qxf4 Kd8 22. a3 Kc7 23. Rg7 Rcd8 24. Rd3 Kb8 25. b4 Bf8 26. Rf7 d5 27. Kb2 Rc8 28. Qd2 Bh6 29. Qc3 Qxc3+ 30. Rxc3 Bf4 31. Rxc8+ Rxc8 0-1


[Site "https://www.chess.com"]

[Event "Titled Tuesday Blitz July 6 2021"]
[White "Sieciechowicz, Marcin"]
[Black "Nabaty, Tamir"]
[WhiteFideId "1130170"]
[BlackFideId "2809052"]
[WhiteElo "2302"]
[BlackElo "2627"]
[Result "0-1"]
[Round "02"]
[TimeControl "180+1"]
[Date "2021.07.06"]
[WhiteClock "0:00:03"]
[BlackClock "0:00:07"]

1. d4 d5 2. c4 dxc4 3. e4 e5 4. Nf3 Bb4+ 5. Nc3 exd4 6. Qxd4 Qxd4 7. Nxd4 Ne7 8. Bxc4 Nbc6 9. Nxc6 Nxc6 10. O-O Be6 11. Nd5 Bd6 12. Be3 O-O-O 13. Rac1 Kb8 14. a3 Rhe8 15. Rfd1 Ne5 16. Be2 Ng4 17. Bxg4 Bxg4 18. f3 Be6 19. Nf4 Bc8 20. Kf2 b6 21. Rd2 f5 22. exf5 Bxf5 23. Rcd1 Rxe3 24. Kxe3 Re8+ 25. Kf2 Bxf4 26. Rd8+ Rxd8 27. Rxd8+ Bc8 28. Re8 Kb7 29. Re7 Bh6 30. g3 Kc6 31. f4 Kd6 32. Re8 Bd7 33. Rh8 Bf5 34. h3 g5 35. g4 Bg7 36. Rd8+ Ke7 37. Ra8 Be4 38. Rxa7 Bd4+ 39. Kg3 Kd6 40. fxg5 Be5+ 41. Kh4 Bxb2 42. a4 c5 43. a5 bxa5 44. Rxa5 c4 45. Ra4 Kc5 46. Ra7 c3 47. Rc7+ Kd4 48. Kh5 c2 49. Rxc2 Bxc2 50. Kh6 Ke3 51. h4 Kf4 52. h5 Kxg4 53. g6 Bc1+ 54. Kxh7 Kxh5 55. Kh8 Kxg6 56. Kg8 Bh6 57. Kh8 Bg7+ 58. Kg8 Bb3# 0-1


[Site "https://www.chess.com"]

[Event "Titled Tuesday Blitz July 6 2021"]
[White "Slovak_fighter2000"]
[Black "Sonis, Francesco"]
[BlackFideId "895733"]
[WhiteElo "2481"]
[BlackElo "2373"]
[Result "1-0"]
[Round "02"]
[TimeControl "180+1"]
[Date "2021.07.06"]
[WhiteClock "0:00:08"]
[BlackClock "0:00:09"]

1. d4 f5 2. Bg5 d5 3. e3 Nd7 4. c4 c6 5. Nc3 Nb6 6. cxd5 Nxd5 7. Bc4 Ngf6 8. Nf3 Be6 9. Ne5 Qd6 10. O-O Ng4 11. Bxd5 Bxd5 12. Nxg4 fxg4 13. Qxg4 Be6 14. Qg3 Qxg3 15. hxg3 Bg4 16. f3 Bh5 17. e4 Bf7 18. Rfd1 e6 19. d5 Bc5+ 20. Kf1 exd5 21. exd5 O-O 22. Rd2 Rae8 23. Re1 h6 24. Bf4 Bb4 25. Rxe8 Rxe8 26. Re2 Rxe2 27. Kxe2 cxd5 28. Be3 a6 29. Bd4 g5 30. g4 Be6 31. Ke3 Kf7 32. Kd3 Ke7 33. Bg7 Kf7 34. Be5 Bc5 35. Ne2 Bd7 36. Nd4 Bb6 37. Nf5 Bb5+ 38. Kd2 Bf1 39. Nxh6+ Ke6 40. f4 Bxg2 41. Bb8 gxf4 42. Bxf4 d4 43. g5 Be4 44. Ke1 Bf3 45. Bd2 d3 46. Ng8 Bd4 47. b3 Kf7 48. Nf6 Kg6 49. Ne8 Kf5 50. Nf6 Bc6 51. Kf1 b5 52. Ke1 Bc5 53. Kf1 b4 54. Ke1 a5 55. Kf1 a4 56. Ke1 a3 57. Kd1 Bf3+ 58. Kc1 Bd6 59. Kb1 Bd1 60. Nd5 Bc2+ 61. Kc1 Be5 62. Ne3+ Ke4 63. Nxc2 dxc2 64. Kxc2 Bd6 65. Bc1 Be5 66. g6 Kf5 67. Kd3 Kxg6 68. Kc4 Bd6 69. Bd2 Kf5 70. Bxb4 Be5 71. Bxa3 Ke6 72. Kb5 Kd7 73. Bc5 Kc8 74. a4 Kb7 75. Kc4 Bc7 76. b4 Ka6 77. b5+ Kb7 78. Kb4 Bd8 79. a5 Ka8 80. a6 Bc7 81. Bd4 Bd8 82. Kc5 Bc7 83. Kc6 Ba5 84. Bb6 Bd2 85. Bc5 Ba5 86. Kd5 Bc7 87. Kc6 Bd8 88. Bd4 Ba5 89. Be5 Bd8 90. Bc7 Bxc7 91. Kxc7 1-0


[Site "https://www.chess.com"]

[Event "Titled Tuesday Blitz July 6 2021"]
[White "Solovchuk, Oleksiy"]
[Black "Vidit, Santosh Gujrathi"]
[WhiteFideId "14115220"]
[BlackFideId "5029465"]
[WhiteElo "2379"]
[BlackElo "2735"]
[Result "0-1"]
[Round "02"]
[TimeControl "180+1"]
[Date "2021.07.06"]
[WhiteClock "0:00:04"]
[BlackClock "0:00:04"]

1. e4 e5 2. Nf3 Nc6 3. Bb5 a6 4. Ba4 Nf6 5. d3 d6 6. O-O g6 7. h3 Bg7 8. Bxc6+ bxc6 9. c4 O-O 10. Bg5 h6 11. Be3 c5 12. Nc3 Ne8 13. Qd2 Kh7 14. Nh2 f5 15. exf5 Bxf5 16. Ng4 g5 17. Ne4 c6 18. Rac1 Rb8 19. f3 Nc7 20. a3 Ne6 21. b4 cxb4 22. axb4 Nf4 23. c5 d5 24. Bxf4 dxe4 25. Bxe5 Bxe5 26. Nxe5 Qd4+ 27. Kh1 Qxe5 28. dxe4 Rbd8 29. Qc3 Qxc3 30. Rxc3 Bc8 31. Rc4 Kg7 32. Kg1 Kf6 33. f4 gxf4 34. Rxf4+ Ke7 35. Rh4 Rf6 36. e5 Rg6 37. Rcd4 Be6 38. Rd6 Rdg8 39. g4 Rc8 40. Kf2 Rb8 41. Rxc6 Rxb4 42. Rxa6 Rb2+ 43. Ke3 Rb3+ 44. Kd2 Rb4 45. Rh5 Rc4 46. c6 Bc8 47. Ra7+ Kd8 48. Rh7 Rcxc6 49. Ke3 Bd7 50. Kd4 Rge6 51. Kd5 Ra6 52. Kd4 Kc7 53. h4 Ra4+ 0-1


[Site "https://www.chess.com"]